 Dungeon Crawl Stone Soup version 0.17.1-3-g152610e (webtiles) character file.

91 Gargoyl the Skirmisher (level 4, 0/52 HPs)
             Began as a Demonspawn Abyssal Knight on Feb 18, 2016.
             Was a Follower of Lugonu.
             Killed from afar by an orc wizard (5 damage)
             ... with a puff of flame
             ... on level 3 of the Dungeon.
             The game lasted 00:04:19 (1970 turns).

Gargoyl the Skirmisher (Demonspawn Abyssal Knight)  Turns: 1970, Time: 00:04:19

Health: 0/52       AC: 22    Str: 13    XL:     4   Next: 33%
Magic:  6/6        EV:  2    Int: 14    God:    Lugonu [*.....]
Gold:   108        SH:  9    Dex: 12    Spells: 0 memorised, 3 levels left

rFire  . . .     SeeInvis .     a - +1 hand axe
rCold  . . .     Clarity  .     (armour currently unavailable)
rNeg   + + +     SustAt   .     e - +2 shield
rPois  +         Gourm    .     (helmet currently unavailable)
rElec  .         Spirit   .     (cloak currently unavailable)
rCorr  .         Warding  .     (gloves currently unavailable)
rMut   .         NoTele   +     (boots currently unavailable)
MR     .....                    (no amulet)
Stlth  ++........               (no ring)
                                (no ring)

@: tree-form, not resistant to hostile enchantments, unstealthy
A: (horns 0), rot immunity
a: Depart the Abyss, Renounce Religion


You were on level 3 of the Dungeon.
You worshipped Lugonu.
Lugonu was aware of your devotion.
You were not hungry.
You were a tree.
You visited 1 branch of the dungeon, and saw 3 of its levels.
You visited the Abyss 1 time.

You collected 108 gold pieces.

Inventory:

Hand Weapons
 a - a +1 hand axe (weapon)
Armour
 e - a +2 shield (worn)
 j - a +0 pair of gloves (melded)
 r - a +0 scale mail (melded)
Scrolls
 d - 2 scrolls of identify {unknown}
 f - a scroll of enchant weapon {unknown}
 g - 2 scrolls of fog {unknown}
 k - a scroll of magic mapping {unknown}
 n - 4 scrolls of remove curse {unknown}
 p - 2 scrolls of teleportation {unknown}
 q - a scroll of amnesia {unknown}
 t - a scroll of fear {unknown}
Potions
 m - a potion of agility
Comestibles
 c - 2 bread rations
 i - 2 meat rations
 l - a royal jelly


   Skills:
 + Level 3.2 Fighting
 + Level 2.3 Axes
 + Level 2.3 Armour
 + Level 1.9 Dodging
 + Level 1.0 Stealth
 + Level 0.6 Shields
 + Level 3.1 Invocations


You had 3 spell levels left.
You didn't know any spells.

Dungeon Overview and Level Annotations

Branches:
Dungeon (3/15)

Altars:
Ashenzari
Sif Muna
The Shining One


Innate Abilities, Weirdness & Mutations

((You have a pair of horns on your head.))
You are immune to rotting.


Message History

A magic dart appears from out of thin air!
The magic dart hits you!
* * * LOW HITPOINT WARNING * * *
The orc wizard hits you with a dagger.
* * * LOW HITPOINT WARNING * * *
Something hits you but does no damage.
The orc wizard hits you but does no damage.
Something hits you but does no damage.
You barely miss something.
You hit the orc wizard but do no damage.
The orc wizard hits you but does no damage.
Something hits you but does no damage.
The orc wizard hits you but does no damage.
Read which item? (? for menu, Esc to quit)
Okay, then.
You hit something. You miss the orc wizard.
You hear some strange, mumbled words.
A puff of flame appears from out of thin air!
The puff of flame hits you!
You die...

### .. .. ###.#
...# #..
...####.########
........♣{......
#######o########
#.# #.# #.# ###
#.####.#
#....#.#######
#.##..........
#######.#..#####


You could see an orc wizard.

Vanquished Creatures
  An orc wizard (D:3)
  2 adders (D:2)
  2 worms (D:2)
  A giant gecko (D:1)
  An orc (D:3)
  2 bats
  2 giant cockroaches (D:1)
  5 goblins
  8 hobgoblins
  5 giant newts (D:1)
  4 kobolds (D:1)
  4 rats
37 creatures vanquished.

Notes
Turn   | Place    | Note
--------------------------------------------------------------
     0 | Abyss:1  | Gargoyl the Demonspawn Abyssal Knight began the quest for the Orb.
     0 | Abyss:1  | Reached XP level 1. HP: 18/18 MP: 2/2
   121 | Abyss:1  | Found a corrupted altar of Lugonu.
   172 | Abyss:1  | Noticed a large abomination
   194 | Abyss:1  | Noticed a daeva
   195 | D:1      | Escaped the Abyss
   568 | D:1      | Gained mutation: You have a pair of small horns on your head. [demonic ancestry]
   568 | D:1      | Reached XP level 2. HP: 10/24 MP: 4/4
   866 | D:1      | Reached skill level 1 in Dodging
   931 | D:1      | Reached * piety under Lugonu
  1235 | D:2      | Gained mutation: You are immune to rotting. [demonic ancestry]
  1235 | D:2      | Reached XP level 3. HP: 27/29 MP: 5/5
  1382 | D:2      | Found a deep blue altar of Sif Muna.
  1627 | D:2      | Found a glowing golden altar of the Shining One.
  1675 | D:2      | Found a shattered altar of Ashenzari.
  1956 | D:3      | Reached skill level 1 in Stealth
  1956 | D:3      | Gained mutation: You have a pair of horns on your head. [demonic ancestry]
  1956 | D:3      | Reached XP level 4. HP: 8/35 MP: 6/6
  1970 | D:3      | Killed from afar by an orc wizard

Action                   |  1- 3 |  4- 6 || total
-------------------------+-------+-------++-------
Melee: Hand axe          |   101 |     9 ||   110
Invok: Depart the Abyss  |     1 |       ||     1
  Use: Potion            |       |     5 ||     5
  Eat: Chunk             |     2 |       ||     2
       Fruit             |     3 |       ||     3
